 Dungeon Crawl Stone Soup version 0.23.0 (webtiles) character file.

Game seed: 13783334549167448710

116 MisterOstroum the Firebug (level 4, -1/33 HPs)
             Began as a Draconian Fire Elementalist on Feb 15, 2019.
             Slain by a kobold (3 damage)
             ... on level 3 of the Dungeon.
             The game lasted 00:28:31 (3362 turns).

MisterOstroum the Firebug (DrFE)                    Turns: 3362, Time: 00:28:31

Health: -1/33      AC:  3    Str: 10    XL:     4   Next: 69%
Magic:  2/8        EV: 12    Int: 15    God:
Gold:   134        SH:  0    Dex: 11    Spells: 2/8 levels left

rFire    . . .     SeeInvis .   f - +0 short sword
rCold    . . .     Gourm    .   (no shield)
rNeg     . . .     Faith    .   (armour unavailable)
rPois    .         Spirit   .   (helmet restricted)
rElec    .         Reflect  .   (no cloak)
rCorr    .         Harm     .   (no gloves)
MR       .....                  (no boots)
Stlth    ++........             (no amulet)
HPRegen  0.11/turn              g - -2 ring of intelligence (curse)
MPRegen  0.11/turn              c - -2 ring of protection (curse)

@: lightly drained
A: unfitting armour, cold-blooded, AC +5
a: no special abilities


You were on level 3 of the Dungeon.
You were hungry.

You visited 1 branch of the dungeon, and saw 3 of its levels.

You collected 134 gold pieces.

Inventory:

Hand Weapons
 a - a +0 dagger
 d - a +0 dagger
 f - a +0 short sword (weapon)
 n - a +0 battleaxe
 q - a +0 hunting sling
Missiles
 i - 21 bolts
 j - 129 stones (quivered)
Jewellery
 c - a cursed -2 ring of protection (right hand)
 g - a cursed -2 ring of intelligence (left hand)
Wands
 p - a wand of digging (3)
Potions
 h - a potion of agility {unknown}
 k - 2 potions of degeneration {unknown}
 l - a potion of haste
Comestibles
 b - 3 rations
 o - 2 chunks of flesh


   Skills:
 + Level 0.1(0.0) Fighting
 + Level 2.3(2.0) Dodging
 + Level 1.9(1.6) Stealth
 + Level 2.7(2.4) Spellcasting
 + Level 1.6(1.3) Conjurations
 * Level 4.4(4.1) Fire Magic


You had 2 spell levels left.
You knew the following spells:

 Your Spells              Type           Power        Failure   Level  Hunger
a - Flame Tongue          Conj/Fire      #....        7%          1    #......
b - Throw Flame           Conj/Fire      #.....       11%         2    ###....
c - Conjure Flame         Conj/Fire      #.......     22%         3    ###....

Your spell library contained the following spells:

 Spells                   Type           Power        Failure   Level  Hunger
 Inner Flame              Hex/Fire       #.......     28%         3    ###....
 Sticky Flame             Conj/Fire      #.......     56%         4    #####..
 Fireball                 Conj/Fire      #.........   89%         5    ######.


Dungeon Overview and Level Annotations

Branches:
Dungeon (3/15)

Altars:
Nemelex Xobeh
Uskayaw


Innate Abilities, Weirdness & Mutations

Your plain brown scales are hard. (AC +5)
You cannot fit into any form of body armour.
You are cold-blooded and may be slowed by cold attacks.


Message History

Press: ? - help, Shift-Dir - straight line, f - rat
Aim: a rat The puff of flame misses the rat.
You barely miss the rat. The rat closely misses you.
You hit the rat.
You kill the rat!
You hit the kobold.
The kobold is moderately wounded.
The kobold hits you but does no damage.
You closely miss the kobold.
The kobold is moderately wounded.
The kobold closely misses you.
You hit the kobold but do no damage.
The kobold is moderately wounded.
The kobold closely misses you.
You barely miss the kobold.
The kobold is moderately wounded.
You are feeling hungry.
The kobold hits you.
You die...

..8# K.# ...## ).# ...8
..## ...# ...# ..8#
..K# _## ...#
###################...#
(....w.w.......w@KK...#
##.#####....#######...#
#..# ####..# ...# ##..#
##.# ...# #... ... ...#
#### ##.. ...# .## ####
#


You could see a worm and 2 kobolds.

Vanquished Creatures
  3 adders
  4 gnolls (D:2)
  A leopard gecko (D:1)
  2 giant cockroaches
  4 goblins
  6 hobgoblins
  3 jackals (D:1)
  A quokka (D:3)
  7 bats
  5 frilled lizards
  7 kobolds
  11 rats
54 creatures vanquished.

Notes
Turn   | Place    | Note
-------+----------+-------------------------------------------
     0 | D:1      | MisterOstroum the Draconian Fire Elementalist began the
                  | quest for the Orb.
     0 | D:1      | Reached XP level 1. HP: 14/14 MP: 3/3
   444 | D:1      | Reached XP level 2. HP: 18/20 MP: 1/5
   479 | D:1      | Learned a level 2 spell: Throw Flame
  1183 | D:1      | Found a sparkling altar of Nemelex Xobeh.
  1426 | D:2      | Reached XP level 3. HP: 25/26 MP: 1/6
  1929 | D:2      | Reached skill level 4 in Fire Magic
  2380 | D:2      | Learned a level 3 spell: Conjure Flame
  2582 | D:2      | Reached XP level 4. HP: 33/33 MP: 0/7
  3312 | D:3      | Found a hide-covered altar of Uskayaw.
  3328 | D:3      | HP: 1/33 [kobold/+0 short sword (3)]
  3349 | D:3      | HP: 1/33 [poisoned by an adder]
  3362 | D:3      | Slain by a kobold

Skill      XL: |  1  2  3 |
---------------+----------+-----
Dodging        | 2 |  2.3
Fire Magic     | 4 |  4.4
Fighting       | |  0.1
Stealth        | |  1.9
Spellcasting   | |  2.7
Conjurations   | |  1.6

Action                   |  1- 3 |  4- 6 || total
-------------------------+-------+-------++-------
Melee: Dagger            |    64 |       ||    64
       Short sword       |       |    28 ||    28
 Fire: Hunting sling     |       |     1 ||     1
 Cast: Flame Tongue      |    28 |     8 ||    36
       Throw Flame       |    32 |    12 ||    44
       Conjure Flame     |       |     1 ||     1
  Use: Scroll            |     5 |       ||     5
       Potion            |     2 |     2 ||     4
  Eat: Chunk             |     4 |     4 ||     8
       Ration            |     1 |       ||     1
Armor: Skin              |    62 |     3 ||    65
Dodge: Dodged            |   132 |    31 ||   163
